Map: Troizinia EE

Players

MrFercho

  • Race: Zerg Zerg
  • League: Gold
  • Spawn Location: 3:00

TATORREA - Winner!

  • Race: Protoss Protoss
  • League: Gold
  • Spawn Location: 11:00

tigro

  • Race: Terran Terran
  • League: Bronze
  • Spawn Location: 5:00

jeorge

  • Race: Protoss Protoss
  • League: Diamond
  • Spawn Location: 5:00

IA (Difícil)

  • Race: Zerg Zerg
  • Spawn Location: 6:00

IA (Difícil)

  • Race: Zerg Zerg
  • Spawn Location: 12:00

IA (Difícil)

  • Race: Zerg Zerg
  • Spawn Location: 9:00

IA (Difícil)

  • Race: Zerg Zerg
  • Spawn Location: 11:00

VOD

Have the link to the VOD?

Description

Time

  • Played on: Aug. 19, 2020, 10:41 p.m.
  • Length: 20:37
Show
View Real Time Build Order
Export as new Build Order

MrFercho Zerg 

Build Orders: Pool First, Lurkers 

Get SALT Encoding   

  12  0:27  Spawning Pool  
  11  0:54  Overlord  
  11  1:00  Drone x2  
  13  1:06  Drone  
  14  1:16  Drone  
  15  1:21  Queen  
  17  1:31  Drone  
  18  1:41  Extractor, Drone  
  18  1:50  Zergling x2  
  19  2:00  Zergling x2  
  20  2:23  Drone x2  
  22  2:31  Overlord x2  
  22  2:32  Overlord  
  22  2:49  Zergling x4  
  24  2:58  Drone  
  25  2:59  Metabolic Boost  
  25  3:10  Drone  
  25  3:11  Hatchery  
  25  3:46  Drone x4  
  29  4:01  Drone  
  30  4:03  Spine Crawler  
  30  4:07  Zergling x2  
  30  4:09  Zergling x2  
  33  4:10  Zergling x4  
  30  4:40  Lair, Baneling Nest  
  30  4:43  Drone x6  
  30  4:44  Drone  
  36  4:55  Drone  
  36  4:56  Drone  
  38  5:04  Queen  
  38  5:06  Overlord  
  38  5:07  Overlord  
  40  5:09  Drone x4  
  44  5:26  Drone x3  
  44  5:52  Zergling x14  
  44  5:54  Overseer  
  50  5:57  Centrifical Hooks  
  50  6:03  Extractor  
  48  6:05  Extractor, Drone x2  
  49  6:19  Baneling x8  
  49  6:20  Baneling  
  49  6:21  Zergling x4  
  51  6:29  Drone  
  51  6:30  Drone  
  53  6:35  Zergling x6  
  56  6:44  Zergling x4  
  56  6:45  Zergling x6, Hydralisk Den  
  60  7:00  Hatchery  
  59  7:03  Extractor  
  53  7:16  Zergling x4, Hydralisk x5  
  53  7:18  Zergling x2  
  53  7:19  Zergling x2  
  62  8:14  Zergling x22  
  71  8:28  Zergling x4  
  72  8:36  Lurker Den  
  66  9:31  Hydralisk  
  66  9:32  Hydralisk x2  
  66  9:34  Overlord x3  
  66  9:38  Grooved Spines  
  72  9:49  Baneling x8  
  72  9:50  Baneling x23  
  72  9:54  Drone x2  
  74  10:01  Drone x5  
  74  10:03  Queen  
  81  10:08  Lurker x3  
  84  10:19  Infestation Pit  
  83  10:26  Drone  
  83  10:27  Drone x2  
  83  10:28  Queen  
  85  10:49  Muscular Augments  
  73  11:14  Zergling x4  
  73  11:15  Zergling x30  
  90  11:41  Hive  
  88  11:47  Spire  
  77  12:24  Drone x9  
  77  12:25  Drone x3  
  89  12:32  Extractor  
  89  12:34  Extractor  
  87  12:45  Overlord x6  
  87  12:54  Adaptive Talons  
  87  13:02  Extractor, Hatchery  
  87  13:03  Extractor  
  84  13:08  Hydralisk x15  
  114  13:14  Zerg Flyer Weapons Level 1  
  114  13:20  Infestor x2  
  114  13:22  Zergling x2  
  120  13:27  Drone x3  
  120  13:30  Drone  
  123  13:42  Lurker  
  123  13:43  Lurker x4  
  128  13:51  Seismic Spines  
  128  14:21  Neural Parasite  
  128  14:23  Viper  
  128  14:27  Zergling x22  
  128  14:28  Zergling x2  
  143  14:34  Overlord x2  
  143  14:35  Overlord x3  
  143  14:54  Ultralisk Cavern  
  142  15:00  Drone  
  142  15:01  Drone x7  
  142  15:06  Evolution Chamber  
  149  15:11  Greater Spire  
  149  15:16  Evolution Chamber  
  149  15:21  Viper  
  148  15:22  Corruptor x2  
  148  15:23  Corruptor x3  
  159  15:40  Pathogen Glands  
  149  16:01  Burrow  
  149  16:02  Chitinous Plating  
  146  16:33  Pneumatized Carapace  
  146  16:37  Brood Lord x5  
  156  16:40  Zerg Missile Weapons Level 1  
  156  16:44  Zerg Ground Armor Level 1  
  156  16:48  Ultralisk  
  156  16:50  Overlord x6  
  162  16:57  Viper  
  161  17:21  Anabolic Synthesis  
  159  17:46  Command Center  
  126  19:40  Hydralisk x19  
  126  19:41  Hydralisk x7  
Show
View Real Time Build Order
Export as new Build Order

TATORREA Protoss - Winner!

Build Orders:  

Get SALT Encoding   

  12  0:07  Probe  
  13  0:19  Probe  
  14  0:24  Pylon  
  14  0:33  Probe  
  15  0:50  Gateway  
  15  0:54  Gateway  
  15  0:58  Assimilator, Probe  
  16  1:10  Probe  
  17  1:22  Probe  
  18  1:34  Probe  
  19  1:42  Cybernetics Core  
  19  1:47  Zealot  
  19  1:48  Pylon, Zealot  
  19  1:53  Assimilator  
  23  1:56  Pylon  
  23  2:36  Stalker x2 (Chrono Boost), Warp Gate  
  27  2:57  Probe  
  28  3:03  Adept x2 (Chrono Boost)  
  32  3:09  Probe  
  29  3:21  Probe  
  29  3:26  Stalker (Chrono Boost)  
  32  3:35  Adept (Chrono Boost)  
  34  3:50  Adept (Chrono Boost)  
  36  3:57  Adept  
  30  4:37  Stalker x2  
  34  4:56  Stargate  
  34  4:58  Robotics Facility  
  34  5:00  Gateway  
  34  5:03  Gateway  
  34  5:05  Gateway  
  34  5:07  Gateway  
  34  5:08  Gateway  
  34  5:13  Stalker x2, Pylon  
  38  5:17  Pylon  
  38  5:21  Pylon  
  38  5:29  Pylon  
  38  5:44  Stalker  
  38  5:49  Stalker  
  40  6:07  Probe  
  40  6:10  Stalker  
  41  6:11  Stalker  
  41  6:12  Stalker x2  
  43  6:19  Probe  
  44  6:30  Void Ray  
  48  6:37  Probe  
  49  7:09  Nexus  
  49  7:14  Pylon  
  49  7:23  Void Ray  
  51  7:47  Stalker x2  
  51  7:48  Stalker  
  49  8:13  Stalker  
  49  8:14  Stalker  
  53  8:24  Stalker  
  53  8:39  Probe x2  
  55  8:41  Twilight Council  
  55  8:51  Probe x2  
  57  9:03  Probe x2  
  59  9:18  Probe x2  
  59  9:24  Assimilator  
  61  9:27  Assimilator  
  61  9:30  Probe x2  
  61  9:31  Forge  
  63  9:33  Forge  
  63  9:36  Stalker  
  63  9:37  Stalker  
  67  9:54  Void Ray  
  71  10:20  Probe x2  
  73  10:32  Stalker, Probe x2  
  73  10:33  Stalker x4  
  83  10:37  Void Ray  
  83  11:07  Stalker x4  
  83  11:08  Stalker  
  93  11:29  Nexus  
  93  11:31  Pylon  
  93  11:33  Pylon  
  93  11:42  Protoss Ground Weapons Level 1 (Chrono Boost)  
  93  11:44  Protoss Shields Level 1 (Chrono Boost)  
  93  11:49  Void Ray  
  97  11:58  Probe  
  97  11:59  Probe  
  99  12:10  Probe  
  99  12:11  Probe  
  101  12:32  Probe x2  
  103  12:44  Probe x3  
  103  12:46  Pylon  
  103  12:50  Pylon  
  106  12:52  Blink (Chrono Boost)  
  106  12:55  Pylon  
  106  12:56  Probe x2  
  106  12:57  Void Ray, Probe  
  106  12:58  Pylon  
  113  13:07  Assimilator  
  113  13:08  Probe x2  
  113  13:09  Probe  
  113  13:10  Assimilator  
  116  13:20  Probe  
  116  13:21  Probe x2  
  119  13:33  Probe x3  
  122  13:47  Nexus  
  122  13:50  Pylon  
  122  13:51  Pylon  
  122  13:55  Gateway  
  122  13:56  Gateway  
  122  13:57  Gateway x2  
  122  14:11  Probe  
  122  14:12  Probe x2  
  125  14:22  Protoss Ground Weapons Level 2 (Chrono Boost)  
  125  14:23  Protoss Shields Level 2 (Chrono Boost), Void Ray  
  125  14:24  Probe x3  
  132  14:34  Observer  
  133  14:48  Charge (Chrono Boost), Probe x3  
  136  14:57  Assimilator x2  
  136  15:00  Probe x3  
  136  15:04  Nexus  
  136  15:05  Pylon  
  139  15:07  Pylon  
  139  15:15  Fleet Beacon  
  139  15:16  Protoss Air Weapons Level 1 (Chrono Boost)  
  139  15:20  Robotics Bay  
  139  15:22  Templar Archives  
  139  15:42  Assimilator x2  
  139  15:46  Stargate  
  139  15:47  Robotics Facility  
  139  15:49  Stargate  
  139  15:56  Void Ray  
  143  16:00  Unknown  
  143  16:01  Psionic Storm  
  143  16:05  High Templar x3  
  143  16:06  High Templar x4  
  143  16:07  High Templar x2  
  143  16:09  Zealot x2  
  165  16:17  Probe x2  
  167  16:20  Probe x3  
  170  16:34  Gateway  
  170  16:38  Gateway  
  170  16:43  Gateway  
  170  16:45  Gateway  
  170  16:48  Gateway  
  170  16:49  Void Ray  
  170  16:53  Extended Thermal Lance  
  174  16:54  Colossus  
  174  16:55  Nexus  
  174  16:57  Protoss Ground Weapons Level 3 (Chrono Boost), Pylon  
  174  16:59  Pylon  
  174  17:00  Colossus  
  186  17:01  Protoss Shields Level 3 (Chrono Boost)  
  186  17:08  Protoss Air Weapons Level 2 (Chrono Boost)  
  186  17:22  Probe x3  
  189  17:23  Probe x2  
  191  17:56  Void Ray x2, Assimilator x2  
  199  18:14  Archon x3  
  199  18:15  Archon  
  199  18:55  Gravitic Boosters  
  199  19:16  Photon Cannon  
  199  19:17  Photon Cannon  
  199  19:18  Photon Cannon  
  199  19:19  Photon Cannon  
  199  19:21  Photon Cannon  
  199  19:22  Photon Cannon  
  199  19:23  Photon Cannon, Shield Battery  
  197  19:25  Photon Cannon  
  197  19:26  Shield Battery x2  
  197  19:28  Shield Battery  
  187  19:31  Photon Cannon  
  187  19:36  Photon Cannon  
  187  19:38  Photon Cannon x2  
  183  19:40  Photon Cannon  
  183  19:42  Photon Cannon  
  183  19:46  Photon Cannon  
  183  19:48  Photon Cannon  
  183  19:49  Photon Cannon  
  183  19:50  Photon Cannon  
  179  20:05  Photon Cannon x2  
  175  20:07  Photon Cannon  
  175  20:09  Photon Cannon  
  175  20:10  Photon Cannon  
  175  20:12  Photon Cannon x2  
  175  20:14  Photon Cannon  
  175  20:17  Photon Cannon x2  
  175  20:18  Photon Cannon  
  153  20:33  Stalker x2  
  153  20:34  Stalker x4  
  153  20:35  Stalker x5  
  173  20:36  Stalker x3  
Show
View Real Time Build Order
Export as new Build Order

tigro Terran 

Build Orders:  

Get SALT Encoding   

  12  0:12  Supply Depot  
  12  0:13  SCV  
  13  0:25  SCV  
  14  0:37  SCV  
  14  0:41  Barracks  
  15  0:52  SCV  
  16  0:59  Refinery  
  16  1:04  Refinery, SCV  
  17  1:16  SCV  
  18  1:28  Marine  
  18  1:31  Supply Depot  
  19  1:35  SCV  
  20  1:46  Marine  
  21  1:47  SCV  
  22  1:59  SCV  
  23  2:04  Marine  
  24  2:09  Factory  
  24  2:11  SCV  
  25  2:22  Marine  
  26  2:25  SCV  
  27  2:38  Orbital Command  
  27  2:40  Marine  
  28  2:51  Engineering Bay  
  28  2:54  Factory Tech Lab  
  28  3:08  Barracks Tech Lab  
  28  3:20  Terran Infantry Weapons Level 1  
  28  3:23  Siege Tank  
  27  3:56  Combat Shield  
  27  4:18  Marine  
  28  4:35  Marine, SCV  
  30  4:47  SCV  
  31  4:53  Marine  
  31  4:57  Siege Tank  
  31  4:59  SCV  
  36  5:11  Marine  
  37  5:14  Terran Infantry Armor Level 1  
  37  5:15  Stimpack  
  30  5:29  Marine  
  24  5:47  Marine  
  24  5:48  Siege Tank  
  21  6:05  Marine  
  20  6:20  Siege Tank  
  20  6:22  Marine  
  24  6:28  SCV  
  25  6:40  Marine  
  26  6:53  Siege Tank  
  29  6:58  Marine  
  16  7:16  Marine  
  16  7:19  SCV  
  18  7:25  Siege Tank  
  21  7:32  SCV  
  21  7:34  Marine  
  23  7:44  SCV  
  19  7:56  SCV  
  19  7:59  Barracks Tech Lab  
  19  8:08  SCV  
  20  8:20  Marine, SCV  
  22  8:32  SCV  
  23  8:38  Marine  
  24  8:44  SCV  
  24  8:47  Starport  
  25  8:56  Marine  
  26  9:14  Marine  
  26  9:32  Marine  
  26  9:33  Medivac  
  29  9:49  Marine  
  30  10:07  Marine  
  31  10:25  Marine  
  31  10:27  Cyclone  
  35  10:35  Starport Tech Lab  
  35  10:42  Command Center  
  27  10:43  Marine  
  24  10:59  Cyclone  
  24  11:01  Marine  
  28  11:19  Marine  
  28  11:31  Cyclone  
  26  11:36  Marine  
  27  11:54  Marine  
  27  11:57  Neosteel Armor  
  28  12:03  Cyclone  
  31  12:14  Command Center  
  31  12:19  Marine  
  32  12:35  Cyclone  
  35  12:37  Raven, Marine  
  38  12:55  Marine  
  32  13:07  Cyclone  
  35  13:13  Marine  
  36  13:29  Refinery  
  36  13:30  Marine  
  33  13:37  Hi-Sec Auto Tracking  
  33  13:39  Cyclone  
  24  13:48  Marine  
  25  13:59  Medivac  
  27  14:03  SCV  
  27  14:06  Marine  
  29  14:12  Cyclone  
  29  14:15  SCV  
  33  14:19  Armory  
  33  14:24  Marine  
  33  14:27  SCV  
  35  14:40  SCV  
  35  14:42  Marine  
  35  14:44  Siege Tank  
  40  14:52  SCV  
  41  14:59  Marine  
  41  15:04  SCV  
  43  15:08  Fusion Core  
  43  15:12  Refinery  
  43  15:15  Terran Infantry Weapons Level 2  
  43  15:16  SCV, Siege Tank  
  43  15:17  Marine  
  48  15:28  SCV  
  45  15:40  SCV  
  31  15:47  Marine  
  31  15:48  Siege Tank  
  35  15:52  SCV  
  33  16:04  Marine  
  33  16:10  Banshee  
  23  16:22  Marine  
  18  16:40  Marine  
  18  16:58  Marine  
  17  17:34  Starport Tech Lab  
  17  17:57  Factory Tech Lab  
Show
View Real Time Build Order
Export as new Build Order

jeorge Protoss 

Build Orders:  

Get SALT Encoding   

  12  0:02  Probe (Chrono Boost)  
  13  0:11  Probe (Chrono Boost)  
  14  0:16  Probe  
  15  0:22  Pylon  
  15  0:40  Probe  
  15  0:41  Forge  
  16  0:49  Pylon  
  16  0:59  Gateway  
  16  1:00  Probe  
  17  1:18  Gateway  
  17  1:24  Gateway  
  17  1:29  Assimilator  
  17  1:45  Zealot (Chrono Boost)  
  19  2:04  Nexus  
  19  2:07  Zealot (Chrono Boost)  
  21  2:13  Zealot (Chrono Boost)  
  25  2:27  Zealot (Chrono Boost)  
  27  2:37  Zealot (Chrono Boost)  
  27  2:39  Zealot (Chrono Boost)  
  29  2:47  Zealot  
  31  3:15  Zealot  
  31  3:17  Zealot  
  31  3:26  Zealot  
  29  3:42  Zealot  
  29  3:44  Zealot  
  31  3:53  Zealot  
  31  3:55  Cybernetics Core  
  31  4:09  Zealot  
  31  4:31  Pylon  
  31  4:32  Nexus  
  31  4:38  Pylon  
  31  4:44  Stalker  
  31  4:49  Stalker x2, Probe  
  36  5:00  Shield Battery  
  21  5:41  Probe (Chrono Boost)  
  20  5:44  Stalker, Zealot x2  
  21  5:50  Probe (Chrono Boost)  
  21  5:56  Probe (Chrono Boost)  
  20  5:58  Probe (Chrono Boost)  
  21  6:06  Probe (Chrono Boost)  
  21  6:08  Probe (Chrono Boost)  
  21  6:11  Zealot  
  21  6:14  Probe (Chrono Boost)  
  24  6:21  Probe (Chrono Boost)  
  24  6:24  Probe (Chrono Boost)  
  25  6:33  Probe (Chrono Boost)  
  25  6:39  Probe (Chrono Boost)  
  26  6:40  Probe (Chrono Boost)  
  27  6:49  Probe  
  27  6:50  Probe  
  28  7:01  Probe (Chrono Boost)  
  28  7:03  Probe (Chrono Boost)  
  28  7:07  Zealot x2  
  33  7:09  Zealot  
  33  7:13  Probe (Chrono Boost)  
  33  7:15  Probe (Chrono Boost)  
  37  7:23  Probe (Chrono Boost)  
  37  7:28  Assimilator  
  38  7:30  Probe (Chrono Boost)  
  40  7:37  Probe (Chrono Boost)  
  40  7:41  Probe (Chrono Boost)  
  35  7:46  Probe x2 (Chrono Boost)  
  37  7:57  Stalker x2, Probe (Chrono Boost)  
  41  8:01  Probe (Chrono Boost)  
  41  8:03  Probe (Chrono Boost)  
  40  8:08  Probe  
  19  8:27  Zealot  
  19  8:33  Probe x2  
  22  8:45  Probe x2  
  24  8:57  Probe x2, Zealot  
  24  9:01  Zealot x2  
  26  9:05  Pylon  
Show
View Real Time Build Order
Export as new Build Order

IA (Difícil) Zerg 

Build Orders: Pool Only 

Get SALT Encoding   

  12  0:01  Drone  
  13  0:12  Overlord  
  13  0:17  Drone  
  14  0:30  Drone  
  14  0:32  Drone  
  16  0:42  Spawning Pool  
  16  0:45  Drone  
  16  0:49  Drone  
  17  0:52  Extractor  
  17  0:55  Drone  
  17  1:06  Overlord  
  17  1:30  Queen  
  17  1:31  Zergling x2  
  20  1:37  Roach Warren  
  20  1:38  Drone  
  20  1:44  Extractor, Zergling x2  
  20  1:49  Drone  
  21  2:00  Drone  
  22  2:10  Lair, Overlord  
  22  2:21  Roach  
  24  2:34  Drone  
  25  2:41  Roach  
  27  2:47  Drone  
  28  2:54  Roach  
  30  2:59  Overlord  
  30  3:04  Zergling x2  
  29  3:14  Roach  
  29  3:19  Roach  
  33  3:22  Hydralisk Den  
  33  3:23  Drone  
  27  3:32  Zergling x2  
  23  3:36  Queen  
  24  3:45  Zergling x2, Drone  
  26  3:55  Hydralisk  
  23  4:08  Zergling x2  
  10  4:21  Drone  
Show
View Real Time Build Order
Export as new Build Order

IA (Difícil) Zerg 

Build Orders: Hatch First 

Get SALT Encoding   

  12  0:01  Drone  
  13  0:12  Overlord  
  13  0:16  Drone  
  14  0:31  Drone  
  14  0:32  Drone  
  14  0:34  Drone  
  17  0:53  Hatchery  
  17  0:56  Drone  
  17  1:12  Spawning Pool  
  17  1:14  Drone  
  17  1:18  Drone  
  18  1:21  Extractor  
  18  1:24  Drone  
  18  1:30  Overlord  
  18  1:38  Drone  
  19  1:58  Queen  
  19  2:00  Zergling x2, Drone  
  21  2:04  Drone  
  21  2:10  Drone  
  21  2:15  Zergling x2  
  23  2:26  Roach Warren  
  23  2:27  Drone  
  22  2:34  Drone  
  22  2:43  Drone  
  22  2:45  Zergling x2  
  22  2:49  Zergling x2  
  22  2:55  Drone  
  16  3:02  Drone  
  16  3:12  Drone  
  12  3:20  Drone  
  12  3:27  Drone  
  13  3:34  Drone  
  13  3:40  Drone  
  14  4:23  Drone  
  15  4:29  Hatchery, Drone  
  15  4:33  Drone  
  15  4:36  Extractor  
  15  4:40  Drone  
  16  4:47  Drone  
  16  4:56  Overlord  
  16  5:00  Drone  
  16  5:05  Drone  
  18  5:09  Drone  
  18  5:43  Spawning Pool  
  17  6:01  Hatchery  
  16  6:15  Drone  
  17  6:20  Drone  
  17  6:21  Extractor  
  17  6:27  Drone  
  17  6:29  Extractor  
  17  6:33  Extractor  
  17  6:35  Drone  
  17  6:36  Roach Warren  
  16  6:40  Drone  
  16  6:45  Drone  
  18  6:51  Drone  
  19  6:56  Drone  
  20  7:02  Drone  
  20  7:07  Drone  
  22  7:16  Roach  
  24  7:27  Roach  
  24  7:31  Drone  
  24  7:37  Drone  
  23  7:39  Roach  
  23  7:42  Drone  
  26  7:47  Drone  
  27  7:52  Drone  
  28  8:07  Lair  
  22  8:33  Extractor  
  22  8:34  Drone  
  22  8:40  Roach  
  24  8:43  Drone  
  24  8:46  Drone  
  26  8:50  Drone  
  26  8:53  Overlord, Drone  
  30  8:55  Roach  
  30  9:01  Roach  
  32  9:04  Drone  
  32  9:07  Hydralisk Den  
  32  9:08  Drone  
  33  9:11  Drone  
  33  9:15  Drone  
  35  9:18  Drone  
  36  9:25  Overlord  
  36  9:31  Evolution Chamber  
  36  9:34  Drone  
  36  9:36  Drone  
  36  9:37  Hydralisk  
  38  9:45  Overseer, Evolution Chamber  
  38  9:49  Drone  
  38  9:52  Overseer  
  38  9:56  Zergling x2  
  39  10:01  Hydralisk  
  35  10:09  Drone  
  35  10:12  Drone  
  29  10:49  Queen  
  17  10:50  Drone  
  17  10:51  Drone  
  15  11:08  Drone x2  
  15  11:10  Drone  
Show
View Real Time Build Order
Export as new Build Order

IA (Difícil) Zerg 

Build Orders: 1 Base Baneling Bust, Pool Only 

Get SALT Encoding   

  12  0:01  Drone  
  13  0:12  Overlord  
  13  0:17  Drone  
  14  0:30  Drone  
  14  0:32  Drone  
  16  0:43  Spawning Pool  
  16  0:45  Drone  
  16  0:49  Drone  
  17  0:52  Extractor  
  17  0:55  Drone  
  17  1:05  Overlord  
  17  1:30  Queen  
  17  1:31  Zergling x2  
  20  1:34  Zergling x2  
  20  1:36  Roach Warren  
  20  1:38  Drone  
  21  1:41  Extractor  
  20  1:49  Drone  
  20  1:53  Baneling Nest  
  20  1:59  Zergling x2  
  21  2:10  Drone  
  22  2:21  Zergling x2  
  20  2:32  Zergling x2, Queen  
  20  2:36  Zergling x2  
  22  2:37  Drone  
  22  2:40  Zergling x2  
  24  2:44  Baneling x2  
  24  2:50  Drone  
  25  2:54  Overlord  
  25  3:05  Drone  
  24  3:15  Zergling x2  
  23  3:26  Zergling x2  
  24  3:27  Queen  
  24  3:37  Zergling x2  
  24  3:40  Roach  
  26  3:44  Zergling x2  
  26  3:46  Drone  
  22  3:53  Drone  
  12  4:03  Drone  
  11  4:12  Zergling x2  
  10  4:25  Drone  
  9  4:35  Zergling x2  
Show
View Real Time Build Order
Export as new Build Order

IA (Difícil) Zerg 

Build Orders: 1 Base Baneling Bust, Pool First 

Get SALT Encoding   

  12  0:01  Drone  
  13  0:12  Overlord  
  13  0:16  Drone  
  14  0:31  Drone  
  14  0:32  Drone  
  16  0:42  Spawning Pool  
  16  0:45  Drone  
  16  0:50  Drone  
  16  0:52  Extractor  
  16  0:56  Drone  
  17  1:06  Overlord  
  17  1:31  Zergling x2, Queen  
  20  1:37  Zergling x2  
  20  1:38  Roach Warren, Drone  
  21  1:43  Extractor  
  20  1:49  Drone  
  21  2:00  Zergling x2  
  20  2:11  Zergling x2  
  21  2:21  Roach  
  22  2:32  Zergling x2  
  22  2:38  Zergling x2, Drone  
  22  2:39  Overlord  
  26  2:44  Roach  
  26  2:55  Roach  
  27  3:05  Zergling x2  
  28  3:16  Drone  
  31  3:27  Roach  
  31  3:37  Drone  
  31  3:40  Baneling Nest  
  31  3:48  Zergling x2  
  30  3:51  Evolution Chamber  
  29  3:59  Zergling x2  
  30  4:09  Drone  
  31  4:20  Roach  
  34  4:31  Drone  
  34  4:42  Overlord, Roach  
  36  4:48  Roach  
  36  4:51  Zerg Melee Weapons Level 1  
  38  4:54  Evolution Chamber  
  37  5:00  Lair, Drone  
  37  5:05  Overlord  
  38  5:10  Drone  
  38  5:14  Drone  
  40  5:19  Drone  
  41  5:22  Drone  
  41  5:27  Drone  
  43  5:30  Drone  
  43  5:40  Zerg Ground Armor Level 1  
  43  5:58  Roach  
  43  5:59  Hydralisk Den, Burrow  
  43  6:03  Drone  
  44  6:06  Overlord  
  44  6:10  Zergling x2  
  35  6:18  Roach  
  33  6:26  Roach  
  35  6:34  Roach  
  37  6:41  Hydralisk  
  37  6:46  Zerg Missile Weapons Level 1  
  39  6:49  Hydralisk  
  39  6:54  Overseer  
  41  6:57  Overseer  
  41  6:58  Roach  
  43  7:03  Spore Crawler  
  43  7:06  Roach  
  43  7:08  Drone, Spore Crawler  
  43  7:14  Roach  
  46  7:18  Queen  
  46  7:22  Hatchery  
  47  7:25  Roach  
  49  7:33  Hydralisk  
  45  7:40  Hydralisk  
  45  7:43  Overlord, Roach x2  
  45  7:48  Drone  
  45  7:49  Zergling x2  
  40  7:52  Roach  
  40  7:54  Hydralisk  
  38  8:03  Roach  
  37  8:08  Hydralisk  
  30  8:20  Overlord  
  24  8:30  Hydralisk  
  21  8:34  Drone  
  15  8:41  Drone  
  12  8:50  Drone  
  4  9:16  Drone  
  5  9:21  Queen  
  4  9:42  Drone  
  5  10:05  Drone  
  4  10:21  Drone  
  5  10:57  Drone  
  7  11:32  Drone  
  7  11:35  Spawning Pool  
  6  12:07  Drone x2  
  4  12:08  Drone  
Tags
 
Add a new tag
Caveats
  • Supply blocks, unpowered buildings, or Contaminate may cause inaccurate times.
  • Supply counts are checked every 10 seconds.